Zazza, lawful female dwarven Valkyrie ---- -- ------------------- |..-- |.......h.h.d.G.G.......| --...-- -G--------------------..-- |.....| |GG.| --...-- --- |..-- |...| |.. |G-- |<.-- |.. |.| |..| ..-- |.| |..| -..| ---- |.--- |..-- |..---...| - |...| |...| --..........| |...--------..---------....@.....-- ---......| |........G....q@......| |-.G.|.--|.--..-----...IB@.@...| |....|...|.|---- --......B.....| --.-----.|.-- %....B..G...-- --- |.....| ........G...>| --.|.-- ---.--------.-- ----- --- -- Zazza the Fighter Experience level: 7 Strength: 17 Dexterity: 12 Constitution: 20 Intelligence: 9 Wisdom: 11 Charisma: 8 Health: 0(93) Energy: 15(15) Def: 10 Gold: 472 Moves: 6570 Dungeon seed: ebC17a0PAqUfiv1b Game ID: Zazza_1528760713 Your Inventory: Coins $ - 472 gold pieces Weapons a - the blessed rustproof +1 Excalibur (weapon in hand) V - a +0 elven dagger Z - 10 +0 shuriken Armor e - a blessed +3 small shield (being worn) n - an uncursed +0 elven mithril-coat (being worn) r - an uncursed +0 orcish helm (being worn) Comestibles c - 3 uncursed food rations C - an uncursed tripe ration R - an uncursed lizard corpse Scrolls f - a cursed scroll of remove curse S - an uncursed scroll of teleportation Spellbooks H - an uncursed spellbook of remove curse Potions U - an uncursed potion of sickness Rings X - a cursed ring of hunger Wands D - a wand of speed monster (0:5) O - a wand of digging (0:8) Tools b - an uncursed blindfold w - an uncursed blindfold J - an uncursed tin whistle T - an uncursed skeleton key Gems d - 2 uncursed worthless pieces of violet glass q - 5 uncursed worthless pieces of orange glass y - 3 uncursed worthless pieces of yellowish brown glass z - an uncursed agate stone F - 3 uncursed aquamarine stones I - 4 uncursed worthless pieces of blue glass N - 3 uncursed worthless pieces of red glass Y - 3 uncursed worthless pieces of yellow glass Spells and supernatural/magical abilities: Name Level Category Fail Memory r - remove curse 3 clerical 100% 99% W - pray for help -- divine ? -- Your skills at the end: Fighting Skills Weapon Skills dagger [Basic] long sword [Skilled] Spellcasting Skills Final Attributes: You were piously aligned. You were cold resistant. You were poison resistant. You were level-drain resistant. You were blinded. You were telepathic. You had automatic searching. You had infravision. You were stealthy. You were fast. You are dead. Vanquished creatures: a small mimic a tiger a carnivorous ape an iron piercer a scorpion a horse a lizard 2 dogs a plains centaur 2 human zombies a Woodland-elf a rock mole a yellow light a violet fungus a kobold mummy a red naga hatchling a golden naga hatchling a little dog 2 floating eyes 2 kittens 2 kobold lords 4 rothes a rabid rat a centipede 2 giant bats 6 monkeys 2 orc zombies a dwarf zombie a werejackal an iguana an acid blob a coyote a gas spore a hobbit 11 manes 2 large kobolds a hobgoblin a giant rat 2 cave spiders a brown mold a yellow mold 2 green molds 9 gnomes 2 garter snakes 2 geckos a jackal 3 foxes 2 kobolds 4 goblins 9 grid bugs 2 bats 7 lichens 2 kobold zombies 5 newts 118 creatures vanquished. Voluntary challenges: You had been an atheist until turn 4946. You used a wielded weapon 133 times, starting on turn 11. You read items or engraved 12 times, starting on turn 5991. You never genocided any monsters. You never polymorphed an object. You never changed form. You used no wishes. You never split a pudding. You wrote Elbereth's name 1 time, starting on turn 5991. You violated your moral code, losing 15 points of alignment, starting on turn 480. Dungeon overview: The Dungeons of Doom: levels 1 to 3 Level 1 a long staircase Level 2 (guard) Level 3 some sinks stairs to The Gnomish Mines The Gnomish Mines: levels 4 to 10 Level 4 stairs to The Dungeons of Doom Level 5 Level 6 Level 7 some shops, a temple to Loki, some fountains, a sink Level 8 Level 9 Level 10 <- You were here History has recorded: On T:1 you entered the Dungeons of Doom to retrieve the Amulet of Yendor! On T:160 you advanced to experience level 2. On T:342 you reached level 2 of The Dungeons of Doom. On T:480 you advanced to experience level 3. On T:480 you advanced to experience level 4. On T:914 you reached level 3 of The Dungeons of Doom. On T:1447 you reached level 1 of The Gnomish Mines. On T:1591 you advanced to experience level 5. On T:3080 you reached level 2 of The Gnomish Mines. On T:3292 you reached level 3 of The Gnomish Mines. On T:3512 you advanced to experience level 6. On T:4484 you reached level 4 of The Gnomish Mines. On T:5279 you advanced to experience level 7. On T:5321 you reached level 5 of The Gnomish Mines. On T:5748 you reached level 6 of The Gnomish Mines. On T:6419 you reached level 7 of The Gnomish Mines. Score breakdown: Gold: 472 ( 9098 points) Experience: 7 levels (13645 points) Exploration: 10 levels ( 20.83%) (13127 points) Discoveries: 8 items ( 3.25%) ( 5410 points) Valuables value: (no points given unless you survive) Artifact value: 4000 (12253 points) Variety of kills: 54 monsters ( 14.17%) (11294 points) Turncount: 6570 turns (-1758 points) Survival: died (score multiplied by 80%) Total score: 50455 Latest messages: The mumak starts to attack you, but pulls back. The bat starts to attack you, but pulls back. (2x) The Woodland-elf starts to attack you, but pulls back. (3x) The bat starts to attack you, but pulls back. (2x) You feel that Tyr is well-pleased. As you pronounce the formula on it, the scroll disappears. The ceiling rumbles above you! You kill the Woodland-elf! You are hit by a boulder! Fortunately, you are wearing a hard helmet. The mumak misses. (2x) The bat misses. The Woodland-elf hits! (2x) The bat misses. Never mind. It bites! Your elven mithril-coat is not affected. The mumak butts! You die... Final status: Farvel Zazza the Valkyrie, killed by a mumak... You died in The Gnomish Mines on dungeon level 10 with 50455 points, and 472 pieces of gold, after 6570 moves. You were level 7 with a maximum of 93 hit points when you died.